 Dungeon Crawl Stone Soup version 0.29.1-1-gd02db6906a (webtiles) character file.

Game seed: 5779942959407258056

111 kadoom the Chopper (level 4, -12/39 HPs)
             Began as a Minotaur Berserker on Oct 11, 2022.
             Was a Believer of Trog.
             Killed from afar by Sigmund (15 damage)
             ... with a bolt of dispelling energy
             ... on level 3 of the Dungeon.
             The game lasted 00:11:17 (2520 turns).

kadoom the Chopper (Minotaur Berserker)             Turns: 2520, Time: 00:11:17

Health: -12/39     AC:  9    Str: 24    XL:     4   Next: 62%
Magic:  3/3        EV:  8    Int:  4    God:    Trog [**....]
Gold:   134        SH:  2    Dex:  9    Spells: 3/3 levels left

rFire   . . .      SeeInvis .   a - +0 hand axe
rCold   . . .      Faith    .   g - +0 buckler
rNeg    . . .      Spirit   .   q - +0 chain mail
rPois   .          Reflect  .   (helmet restricted)
rElec   .          Harm     .   b - +0 cloak
rCorr   .          Rampage  .   (no gloves)
Will    .....                   (no boots)
Stlth   ..........              (no amulet)
HPRegen 0.13/turn               (no ring)
MPRegen 0.08/turn               (no ring)

@: no status effects
A: horns 2, retaliatory headbutt
a: Renounce Religion, Berserk, Trog's Hand


You were on level 3 of the Dungeon.
You worshipped Trog.
Trog was pleased with you.
You visited 1 branch of the dungeon, and saw 3 of its levels.

You collected 134 gold pieces.

Inventory:

Hand Weapons
 a - a +0 hand axe (weapon)
Missiles
 h - 21 stones (quivered)
 r - 8 poisoned darts
Armour
 b - a +0 cloak (worn)
 g - a +0 buckler (worn)
 q - a +0 chain mail (worn)
Wands
 m - a wand of iceblast (10)
Scrolls
 d - a scroll of poison {unknown}
 e - 3 scrolls of teleportation {unknown}
 f - a scroll of acquirement {unknown}
 i - 11 scrolls of identify {unknown}
 n - a scroll of blinking {unknown}
 s - a scroll of amnesia {unknown}
 t - a scroll of immolation {unknown}
Potions
 c - a potion of brilliance {unknown}
 j - a potion of magic {unknown}
 k - a potion of degeneration {unknown}
 l - 2 potions of haste {unknown}
 o - 2 potions of curing {unknown}
 p - a potion of ambrosia {unknown}
 u - a potion of heal wounds {unknown}


   Skills:
 - Level 3.6 Fighting
 + Level 6.6 Axes
 - Level 2.4 Armour
 - Level 2.1 Dodging


You had 3 spell levels left.
You didn't know any spells.
Your spell library was empty.

Dungeon Overview and Level Annotations

Branches:
Dungeon (3/15)

Altars:
Xom

Shops:
D:1 :

Annotations:
D:3 Sigmund


Innate Abilities, Weirdness & Mutations

You have a pair of horns on your head.
You reflexively headbutt those who attack you in melee.


Message History

There is a stone staircase leading down here.
Natasha, Servant of Life and Death comes into view.
Natasha hisses angrily.
Natasha claws you but does no damage.
You closely miss Natasha. You headbutt Natasha, but do no damage.
Natasha claws you.
You barely miss Natasha. Natasha claws you.
You barely miss Natasha. Your headbutt misses Natasha.
Natasha claws you but does no damage.
You barely miss Natasha. Natasha barely misses you.
You barely miss Natasha. You headbutt Natasha!
Natasha is heavily wounded.
Natasha closely misses you. You furiously retaliate!
You headbutt Natasha. You hit Natasha but do no damage.
Natasha is almost dead.
Natasha barely misses you.
You hit Natasha.
You kill Natasha!
Trog accepts your kill.
Trog appreciates your killing of a magic user.
Natasha yowls pathetically as she dies!
You see here the felid corpse of Natasha.
Sigmund is nearby!
Sigmund is nearby!
Sigmund is suddenly surrounded by pale red light.
Sigmund points at you and mumbles some strange words.
You are confused.
You bump into the rock wall.
Sigmund zaps a wand.
The bolt of dispelling energy hits you!!
Your magical effects are unravelling.
Ouch! That really hurt!
Okay, then.
You bump into the rock wall.
You feel less confused.
Sigmund zaps a wand.
The bolt of dispelling energy hits you!
* * * LOW HITPOINT WARNING * * *
Unknown command.
Sigmund zaps a wand.
The bolt of dispelling energy hits you!
You die...

# # ## ##. ##.# #.##
############## ##.#
.............########## #..
...........@....@.....# #.#
.......#####.########.#########.#
.......# #.# #..>........#
.......#####.# #.###########
...........#.# ##....### ##
.......###.#.#######.......#####.
##..#### #.#........#............
#..# #.########.......>#####.
#..######.### #.................


You could see Sigmund.

Vanquished Creatures
  Natasha (twice) (D:3)
  An adder (D:3)
  2 worms (D:3)
  2 dart slugs
  4 orcs (D:3)
  3 bats
  5 endoplasms
  A giant cockroach (D:1)
  4 goblins
  4 hobgoblins
  5 kobolds
  A quokka (D:3)
  2 ball pythons
  3 frilled lizards
39 creatures vanquished.

Notes
Turn   | Place    | Note
-------+----------+-------------------------------------------
     0 | D:1      | kadoom the Minotaur Berserker began the quest for the Orb.
     0 | D:1      | Reached XP level 1. HP: 19/19 MP: 0/0
   165 | D:1      | Found Ucoon's Book Emporium.
   255 | D:1      | Reached skill level 4 in Axes
   329 | D:1      | Reached XP level 2. HP: 26/26 MP: 1/1
  1231 | D:2      | Reached skill level 5 in Axes
  1265 | D:2      | Identified the +1 robe of Xaqoti {+Blink rF+ rC+ rN+}
  1272 | D:2      | Found a shimmering altar of Xom.
  1549 | D:3      | Reached XP level 3. HP: 31/31 MP: 2/2
  1682 | D:3      | Found a faded altar of an unknown god.
  1690 | D:3      | Reached ** piety under Trog
  1739 | D:3      | Identified the +1 robe of Iruf Xuoceo {*Corrode Int+4 SInv}
  2079 | D:3      | Noticed Sigmund
  2215 | D:3      | Noticed Natasha
  2217 | D:3      | Killed Natasha
  2218 | D:3      | Reached skill level 6 in Axes
  2218 | D:3      | Reached XP level 4. HP: 31/39 MP: 3/3
  2481 | D:3      | Noticed Natasha
  2491 | D:3      | Killed Natasha
  2520 | D:3      | Killed from afar by Sigmund

Illustrated notes

Levels and vault maps discovered:
D:1:      ncdulo_halloftheorcs, layout_loops_ring, serial_shops,
          nicolae_square_shop
D:2:      layout_basic, basic_altar
D:3:      layout_loops_ring, nicolae_ecumenical_oubliette, uniq_sigmund,
          uniq_natasha

Skill      XL: |  1  2  3 |
---------------+----------+-----
Axes           | 4 5 6 |  6.6
Fighting       | |  3.6
Armour         | |  2.4
Dodging        | |  2.1

Action                   |  1- 3 |  4- 6 || total
-------------------------+-------+-------++-------
Melee: Hand axe          |    83 |    14 ||    97
       Headbutt          |    12 |     2 ||    14
Throw: Stone             |     5 |       ||     5
Invok: Trog's Hand       |     1 |     1 ||     2
       Berserk           |     1 |       ||     1
Armor: Ring mail         |    10 |       ||    10
       Chain mail        |    16 |     8 ||    24
Dodge: Dodged            |    28 |     5 ||    33
Block: Buckler           |     4 |       ||     4
